 Dungeon Crawl Stone Soup version 0.20.0-8-g6b59dc7 (webtiles) character file.

28 Gorglomux the Firebug (level 2, 0/25 HPs)
             Began as a Centaur Fire Elementalist on May 30, 2017.
             Was an Initiate of Okawaru.
             Slain by Natasha (7 damage)
             ... on level 2 of the Dungeon.
             The game lasted 00:05:18 (1116 turns).

Gorglomux the Firebug (Centaur Fire Elementalist)   Turns: 1116, Time: 00:05:19

Health: 0/25       AC:  7    Str: 10    XL:     2   Next: 96%
Magic:  4/4        EV:  2    Int: 14    God:    Okawaru [......]
Gold:   32         SH:  0    Dex:  9    Spells: 3/4 levels left

rFire    . . .     SeeInvis .   a - +0 spear
rCold    . . .     Gourm    .   (no shield)
rNeg     . . .     Faith    .   k - +0 chain mail
rPois    .         Spirit   .   (no helmet)
rElec    .         Reflect  .   (no cloak)
rCorr    .         Harm     .   (no gloves)
MR       .....                  (no barding)
Stlth    ..........             d - amulet of magic regeneration
Regen    0.1/turn               (no ring)
MPRegen  0.2/turn               (no ring)

@: very quick
A: hooves 3, deformed body, speed 2, tough skin 3
a: Renounce Religion


You were on level 2 of the Dungeon.
You worshipped Okawaru.
Okawaru was noncommittal.
You were not hungry.

You visited 1 branch of the dungeon, and saw 2 of its levels.

You collected 32 gold pieces.

Inventory:

Hand Weapons
 a - a +0 spear (weapon)
 b - a +0 hunting sling
Missiles
 e - 27 stones (quivered)
Armour
 i - a +0 robe
 k - a +0 chain mail (worn)
Jewellery
 d - an amulet of magic regeneration (around neck)
Scrolls
 h - a scroll of blinking {unknown}
 l - a scroll of random uselessness {unknown}
Potions
 m - a potion of haste {unknown}
Books
 n - a book of Flames

   Spells                             Type                      Level
   a - Flame Tongue                   Conjuration/Fire             1
   b - Throw Flame                    Conjuration/Fire             2
   c - Conjure Flame                  Conjuration/Fire             3
   d - Inner Flame                    Hexes/Fire                   3
   e - Sticky Flame                   Conjuration/Fire             4
   f - Fireball                       Conjuration/Fire             5
Comestibles
 c - 3 bread rations
 g - a fruit
 j - 5 chunks of flesh


   Skills:
 + Level 2.6 Fighting
 - Level 1.3 Dodging
 - Level 1.1 Stealth
 - Level 1.5 Spellcasting
 - Level 0.8 Conjurations
 - Level 2.6 Fire Magic


You had 3 spell levels left.
You knew the following spells:

 Your Spells              Type           Power        Failure   Level  Hunger
a - Flame Tongue          Conj/Fire      #....        100%        1    ##.....


Dungeon Overview and Level Annotations

Branches:
Dungeon (2/15)

Altars:
Okawaru

Annotations:
D:2 Natasha


Innate Abilities, Weirdness & Mutations

You have hooves in place of feet.
Armour fits poorly on your strangely shaped body.
You cover ground very quickly.
You have extremely tough skin. (AC +3)


Message History

Natasha is moderately wounded.
The giant cockroach bites you but does no damage.
Natasha claws you.
The crimson imp hits you but does no damage.
The giant cockroach bites you but does no damage.
The crimson imp hits you.
The giant cockroach waves its antennae.
There is a stone staircase leading up here.
There isn't anything here!
Attack whom?
Press: ? - help, Dir - move target cursor, f/p - Natasha
Aim: Natasha (moderately wounded)
You reach to attack!
You closely miss Natasha.
Natasha is moderately wounded.
The crimson imp blinks!
Natasha claws you.
* * * LOW HITPOINT WARNING * * *
The crimson imp lashes its tail.
The giant cockroach bites you but does no damage.
Natasha claws you!
You die...

...... ........#
#..... .(......#
..#...##.....[.#
.......(.......#
........(......#
..##.?.....# .
#....5...ยง..# ...
#####....hs.#.....
#.....@.......
....#...........
.....#...........
.....#.#..#......
.......#..#......
...........##.###
......... .# ...
..... #


You could see Natasha, a crimson imp and a giant cockroach.

Vanquished Creatures
  An ooze (D:1)
  A bat (D:1)
  2 giant cockroaches (D:1)
  4 goblins
  3 hobgoblins (D:1)
  4 frilled lizards (D:1)
  6 kobolds (D:1)
  3 rats (D:1)
24 creatures vanquished.

Notes
Turn   | Place    | Note
-------+----------+-------------------------------------------
     0 | D:1      | Gorglomux the Centaur Fire Elementalist began the quest for the Orb.
     0 | D:1      | Reached XP level 1. HP: 14/14 MP: 3/3
   104 | D:1      | Reached skill level 1 in Fighting
   131 | D:1      | Found an iron altar of Okawaru.
   136 | D:1      | Became a worshipper of Warmaster Okawaru
   456 | D:1      | Reached XP level 2. HP: 24/24 MP: 4/4
  1102 | D:2      | Noticed Natasha
  1109 | D:2      | Noticed a crimson imp
  1116 | D:2      | Slain by Natasha

Skill      XL: |  1  2 |
---------------+-------+-----
Fighting       | 1 2 |  2.6
Dodging        | |  1.3
Stealth        | |  1.1
Spellcasting   | |  1.5
Conjurations   | |  0.8
Fire Magic     | |  2.6

Action                   || total
-------------------------++-------
Melee: Unarmed           ||    19
       Kick              ||    11
       Spear             ||    47
 Fire: Hunting sling     ||    13
Throw: Stone             ||     3
 Cast: Flame Tongue      ||     9
 Stab: Sleeping          ||     1
Armor: Robe              ||    12
       Chain mail        ||    33
Dodge: Dodged            ||    13
